 Dungeon Crawl Stone Soup version 0.29-a0-356-g7bc237e783 (webtiles) character file.

Game seed: 6286359136479253290

1236 jlumianski the Chopper (level 8, -2/61 HPs)
             Began as a Demonspawn Fighter on Apr 27, 2022.
             Killed from afar by an electric eel (11 damage)
             ... with a bolt of electricity
             ... on level 6 of the Dungeon.
             The game lasted 00:17:44 (5482 turns).

jlumianski the Chopper (Demonspawn Fighter)         Turns: 5482, Time: 00:17:44

Health: -2/61      AC: 19    Str: 18 (19) XL:     8   Next: 24%
Magic:  8/8        EV:  9    Int:  9      God:
Gold:   263        SH:  9    Dex:  8 (11) Spells: 7/7 levels left

rFire   . . .      SeeInvis +   a - +0 war axe
rCold   . . .      Faith    .   c - +0 buckler
rNeg    . . .      Spirit   .   p - +4 scale mail
rPois   .          Reflect  +   (helmet restricted)
rElec   .          Harm     .   G - +1 cloak
rCorr   .          Rampage  .   (no gloves)
Will    .....                   (no boots)
Stlth   ..........              k - amulet of reflection
HPRegen 0.20/turn               i - ring of see invisible
MPRegen 0.11/turn               q - +4 ring of protection

@: no status effects
A: horns 2, yellow scales 1, clumsy 1
a: no special abilities


You were on level 6 of the Dungeon.
You visited 1 branch of the dungeon, and saw 6 of its levels.

You collected 263 gold pieces.

Inventory:

Hand Weapons
 a - a +0 war axe (weapon)
 f - a +1 hunting sling of flaming
 F - a +3 quarterstaff of chaos
Missiles
 g - 189 stones
 o - 20 poisoned darts (quivered)
 t - 3 boomerangs
Armour
 b - a +0 scale mail
 c - a +0 buckler (worn)
 p - a +4 scale mail (worn)
 y - a +0 plate armour
 z - the +5 robe of Night {Dark Will+ SInv}
   (You found it on level 6 of the Dungeon)

   It shrouds the wearer in darkness, reducing the range at which they can see
   and be seen by others.
   SInv:      It lets you see invisible.
   Will:      It increases your willpower.
 G - a +1 cloak (worn)
Jewellery
 e - a ring of positive energy
 i - a ring of see invisible (left hand)
 k - an amulet of reflection (around neck)
 l - an amulet of guardian spirit
 q - a +4 ring of protection (right hand)
 w - a ring of wizardry
Wands
 u - a wand of iceblast (18)
 E - a wand of acid (6)
Scrolls
 h - a scroll of noise
 j - a scroll of holy word
 m - a scroll of summoning
 r - 3 scrolls of teleportation
 B - a scroll of vulnerability
Potions
 n - a potion of haste
 s - a potion of magic
 v - 2 potions of resistance
 x - a potion of brilliance
 A - a potion of mutation
 C - a potion of cancellation
 D - 2 potions of degeneration
 H - a potion of might


   Skills:
 + Level 4.5 Fighting
 + Level 6.5 Axes
 + Level 0.3 Throwing
 + Level 4.5 Armour
 + Level 1.4 Dodging
 + Level 0.8 Stealth
 + Level 4.4 Shields
 + Level 0.1 Evocations


You had 7 spell levels left.
You didn't know any spells.
Your spell library was empty.

Dungeon Overview and Level Annotations

Branches:
Dungeon (6/15)
 Temple: D:4-7

Altars:

Shops:
D:3 :

Annotations:
D:4 Menkaure


Innate Abilities, Weirdness & Mutations

You have a pair of horns on your head.
You are partially covered in yellow scales. (AC +2)
You are clumsy. (Dex -2)


Message History

The electric eel shoots out a bolt of lightning at you!
The bolt of electricity misses you.
The bolt of electricity hits the plant!
The plant begins to die.
You hit the electric eel. Your headbutt misses the electric eel.
The electric eel is moderately wounded.
The electric eel shoots out a bolt of lightning at you!
The bolt of electricity hits you.
The electric eel shoots out a bolt of lightning at you!
The bolt of electricity hits you!
The bolt of electricity hits the plant!
You slash the electric eel!
The electric eel is severely wounded.
The electric eel shoots out a bolt of lightning at you!
The bolt of electricity hits you.
You hit the electric eel.
You kill the electric eel!
The electric eel shoots out a bolt of lightning at you!
The bolt of electricity hits you!
* * * LOW HITPOINT WARNING * * *
A nearby plant withers and dies.
The electric eel shoots out a bolt of lightning at you!
The bolt of electricity hits you!
* * * LOW HITPOINT WARNING * * *
You feel better.
The electric eel shoots out a bolt of lightning at you!
The bolt of electricity hits you but does no damage.
Okay, then.
Unknown command.
Okay, then.
You barely miss the electric eel. You headbutt the electric eel!
The electric eel is severely wounded.
The electric eel shoots out a bolt of lightning at you!
The bolt of electricity hits you.
* * * LOW HITPOINT WARNING * * *
You closely miss the electric eel.
The electric eel is severely wounded.
You barely miss the electric eel.
The electric eel is severely wounded.
The electric eel shoots out a bolt of lightning at you!
The bolt of electricity hits you!
You die...

#P≈≈≈≈##.####..##
##
♣≈P≈≈≈..<.....>.#
#
♣≈≈≈≈≈...###.####
..♣≈≈≈≈P...♣...#
##≈≈≈≈≈≈..≈≈≈###
# #≈≈≈≈≈≈...≈≈♣♣
# ≈≈≈≈≈≈≈...≈PP♣
# ♣≈≈P≈≈≈.?..≈≈♣
# ♣≈≈≈P≈♣@..≈≈♣♣
.. ♣≈≈≈≈≈S..≈≈≈≈♣
.. P≈P≈≈≈≈...P≈≈♣
♣≈≈≈P≈....≈P≈♣
.≈≈≈≈≈≈...≈≈♣♣
....≈≈≈..≈≈♣♣
###..P♣..P♣P
##.....≈♣##


You could see an electric eel.

Vanquished Creatures
  Sigmund (D:4)
  2 black bears
  An ice beast (D:5)
  A phantom (D:5)
  2 necrophages
  A scorpion (D:5)
  A howler monkey (D:5)
  2 electric eels (D:6)
  A gnoll shaman (D:5)
  2 hounds
  2 jellies
  Crazy Yiuf (D:5)
  An orc wizard (D:5)
  6 adders
  5 gnolls (D:5)
  A white imp (D:4)
  2 ufetubi
  2 worms
  2 dart slugs
  13 orcs
  6 ball pythons
  5 bats
  11 endoplasms
  2 giant cockroaches
  5 goblins
  7 hobgoblins
  5 jackals (D:1)
  6 kobolds
  4 quokkas
  A frilled lizard (D:1)
  3 rats
104 creatures vanquished.

Vanquished Creatures (others)
  4 fungi (D:5)
  4 plants (D:6)
8 creatures vanquished.

Grand Total: 112 creatures vanquished

Notes
Turn   | Place    | Note
-------+----------+-------------------------------------------
     0 | D:1      | jlumianski the Demonspawn Fighter began the quest for the
                  | Orb.
     0 | D:1      | Reached XP level 1. HP: 18/18 MP: 1/1
   198 | D:1      | Gained mutation: You are partially covered in yellow
                  | scales. (AC +2) [demonic ancestry]
   198 | D:1      | Reached XP level 2. HP: 24/24 MP: 2/2
   621 | D:1      | Reached skill level 2 in Axes
  1040 | D:2      | Reached XP level 3. HP: 29/29 MP: 3/3
  1119 | D:3      | Noticed a black bear
  1817 | D:3      | Reached XP level 4. HP: 30/35 MP: 4/4
  1891 | D:3      | Found Vubuhar's Book Shop.
  2006 | D:3      | Killed a black bear
  2007 | D:3      | Reached skill level 3 in Axes
  2007 | D:3      | Reached XP level 5. HP: 24/41 MP: 2/5
  2689 | D:5      | Entered Level 5 of the Dungeon
  2783 | D:4      | Noticed Sigmund
  2846 | D:4      | Noticed a black bear
  2862 | D:4      | Killed a black bear
  2863 | D:4      | Reached skill level 4 in Axes
  2863 | D:4      | Reached skill level 1 in Dodging
  2863 | D:4      | Gained mutation: You have a pair of small horns on your
                  | head. [demonic ancestry]
  2863 | D:4      | Reached XP level 6. HP: 42/47 MP: 6/6
  2966 | D:4      | Killed Sigmund
  3163 | D:4      | Noticed Menkaure
  3429 | D:5      | Reached skill level 5 in Axes
  3429 | D:5      | Reached XP level 7. HP: 48/53 MP: 5/7
  3798 | D:4      | HP: 2/54 [Menkaure (15)]
  4601 | D:5      | Reached skill level 6 in Axes
  4800 | D:5      | Found a runed translucent door.
  4801 | D:5      | Noticed Crazy Yiuf
  5039 | D:5      | Killed Crazy Yiuf
  5049 | D:5      | Gained mutation: You are clumsy. (Dex -2) [potion of
                  | mutation]
  5125 | D:6      | Found the +5 robe of Night {Dark Will+ SInv}
  5139 | D:5      | Gained mutation: You have a pair of horns on your head.
                  | [demonic ancestry]
  5139 | D:5      | Reached XP level 8. HP: 60/60 MP: 8/8
  5478 | D:6      | HP: 2/61 [electric eel/bolt of electricity (11)]
  5482 | D:6      | Killed from afar by an electric eel

Illustrated notes

Levels and vault maps discovered:
D:1:      lightli_arrival_statue_moat, layout_loops_ring
D:2:      layout_loops_ring
D:3:      layout_rooms, serial_shops, shop
D:4:      layout_loops_ring, uniq_sigmund, uniq_menkaure
D:5:      layout_loops_cross, minmay_stone_trees_medium,
          minmay_misc_feat_four_crosses, uniq_crazy_yiuf_cottage
D:6:      layout_basic, mainiacjoe_overflow_concentric_impassable,
          serial_rivers, chequers_serial_rivers_micro_b,
          chequers_serial_rivers_micro_b, chequers_serial_rivers_room_a,
          chequers_serial_rivers_room_b, chequers_serial_rivers_small_3,
          amcnicky_mini_pool_small, grunt_decor_clamped, skrybe_limestone_x,
          hangedman_abyss_or_decor_passed, serial_bayou_ford_a,
          lightli_church_of_beogh

Skill      XL: |  1  2  3  4  5  6  7  8 |
---------------+-------------------------+-----
Armour         | 3 4 |  4.5
Axes           | 2 3 4 5 6 |  6.5
Shields        | 3 4 |  4.4
Dodging        | 1 |  1.4
Fighting       | 4 |  4.5
Throwing       | |  0.3
Stealth        | |  0.8
Evocations     | |  0.1

Action                   |  1- 3 |  4- 6 |  7- 9 || total
-------------------------+-------+-------+-------++-------
Melee: War axe           |   114 |   100 |   148 ||   362
       Headbutt          |       |     6 |    26 ||    32
Throw: Stone             |     4 |       |       ||     4
       Dart              |       |     4 |       ||     4
Evoke: Wand              |       |     1 |       ||     1
  Use: Scroll            |     6 |     4 |     4 ||    14
       Potion            |     2 |     4 |     6 ||    12
Armor: Scale mail        |    63 |    37 |    16 ||   116
       Plate armour      |       |    66 |    68 ||   134
Dodge: Dodged            |    51 |    40 |    40 ||   131
Block: Buckler           |    26 |    25 |    57 ||   108

Table legend: (Time is in decaauts)
 A = Elapsed time spent in this place.
 B = Non-inter-level travel time spent in this place.
 C = Inter-level travel time spent in this place.
 D = Time resting spent in this place.
 E = Time spent auto-exploring this place.
 F = Levels seen in this place.
 G = Mean time per level.
                   A        B        C        D        E       F      G
               +--------+--------+--------+--------+--------+-----+--------+
         Total |   5578 |   5422 |    156 |    844 |   2856 |   6 |  929.7 |
       Dungeon |   5578 |   5422 |    156 |    844 |   2856 |   6 |  929.7 |
               +--------+--------+--------+--------+--------+-----+--------+

Top non-repeatable levels by time:
     D:5: 1332 daAuts
     D:3: 1097 daAuts
     D:4: 1016 daAuts
     D:1: 949 daAuts
     D:2: 839 daAuts
     D:6: 341 daAuts
